TOP OF THE 1ST |
Erie Jaxx batting - Pitching for Lee's Summit Tigers : RHP Jeff Mann
|
Pitching: RHP Jeff Mann
|
|
Batting: SHB Giel Molendijk
|
0-0: Ball 1-0: Ball 2-0: Swinging Strike 2-1: Foul Ball, location: 2F 2-2: Foul Ball, location: 2F 2-2: Strikes out swinging
|
Batting: SHB José Durango
|
0-0: Called Strike 0-1: Ball 1-1: Called Strike 1-2: Foul Ball, location: 2F 1-2: Reached on error, E3 (Groundball, 3)
|
Batting: LHB Josh Pérez
|
0-0: Ball 1-0: Called Strike 1-1: Foul Ball, location: 2F 1-2: Ball 2-2: Foul Ball, location: 2F 2-2: Ball 3-2: Base on Balls José Durango to second
|
Batting: SHB Michael Field
|
0-0: Ball 1-0: Fielders Choice at 2nd, 3-6 (Groundball, 3) José Durango to third
|
Batting: LHB Jim Knight
|
0-0: Called Strike 0-1: Foul Ball, location: 2F 0-2: Fly out, F7 (Line Drive, 7)
|
Top of the 1st over - 0 run(s), 0 hit(s), 1 error(s), 2 left on base; Erie 0 - Lee's Summit 0 |
BOTTOM OF THE 1ST |
Lee's Summit Tigers batting - Pitching for Erie Jaxx : LHP Rafael Romero
|
Pitching: LHP Rafael Romero
|
|
Batting: SHB Juan Glaviz
|
0-0: Swinging Strike 0-1: Called Strike 0-2: Ground out 6-3 (Groundball, 6)
|
Batting: LHB Daniel Rincón
|
0-0: Ball 1-0: Ball 2-0: Called Strike 2-1: Foul Ball, location: 2F 2-2: Ball 3-2: Foul Ball, location: 2F 3-2: DOUBLE (Line Drive, 9LM)
|
Batting: RHB Oliver Todd
|
0-0: Ball 1-0: Ball 2-0: Ball 3-0: Foul Ball, location: 2F 3-1: Ground out 6-3 (Groundball, 6)
|
Batting: RHB Rusty Bennett
|
0-0: Foul Ball, location: 2F 0-1: Ball 1-1: Called Strike 1-2: Ball 2-2: Ball 3-2: Base on Balls
|
Batting: RHB Steven Wright
|
0-0: Called Strike 0-1: Fly out, F8 (Flyball, 8LD)
|
Bottom of the 1st over - 0 run(s), 1 hit(s), 0 error(s), 2 left on base; Erie 0 - Lee's Summit 0 |
TOP OF THE 2ND |
Erie Jaxx batting - Pitching for Lee's Summit Tigers : RHP Jeff Mann
|
Batting: RHB Ángel Serrano
|
0-0: Ball 1-0: Ball 2-0: Ball 3-0: Called Strike 3-1: Swinging Strike 3-2: Foul Ball, location: 2F 3-2: Foul Ball, location: 2F 3-2: Base on Balls
|
Batting: RHB Edgardo Castro
|
0-0: Ball 1-0: SINGLE (Line Drive, 6MD) Ángel Serrano to second
|
Batting: RHB Alfredo Ramírez
|
0-0: Foul Ball, location: 2F 0-1: Ball 1-1: Swinging Strike 1-2: Strikes out swinging
|
Batting: RHB Guaspar Vasche
|
0-0: Ball 1-0: Called Strike 1-1: Swinging Strike 1-2: Ball 2-2: Strikes out swinging
|
Batting: SHB Giel Molendijk
|
0-0: Ball 1-0: Ball 2-0: SINGLE (Line Drive, 89S) Ángel Serrano to third Edgardo Castro to second
|
Batting: SHB José Durango
|
0-0: Ball 1-0: Fly out, F7 (Flyball, 7)
|
Top of the 2nd over - 0 run(s), 2 hit(s), 0 error(s), 3 left on base; Erie 0 - Lee's Summit 0 |
BOTTOM OF THE 2ND |
Lee's Summit Tigers batting - Pitching for Erie Jaxx : LHP Rafael Romero
|
Batting: RHB Jorge Barbosa
|
0-0: Called Strike 0-1: Fly out, F8 (Flyball, 8LM)
|
Batting: RHB Augusto Pérez
|
0-0: Called Strike 0-1: Ball 1-1: Ball 2-1: Swinging Strike 2-2: Foul Ball, location: 2F 2-2: Fly out, F8 (Flyball, 78M)
|
Batting: LHB Dale Miller
|
0-0: Foul Ball, location: 2F 0-1: Ball 1-1: Swinging Strike 1-2: Ball 2-2: Strikes out swinging
|
Bottom of the 2nd over - 0 run(s), 0 hit(s), 0 error(s), 0 left on base; Erie 0 - Lee's Summit 0 |
TOP OF THE 3RD |
Erie Jaxx batting - Pitching for Lee's Summit Tigers : RHP Jeff Mann
|
Batting: LHB Josh Pérez
|
0-0: Called Strike 0-1: Ball 1-1: Swinging Strike 1-2: Ball 2-2: Foul Ball, location: 2F 2-2: Ball 3-2: Base on Balls
|
Batting: SHB Michael Field
|
0-0: Ball 1-0: Called Strike 1-1: Ball 2-1: Grounds into double play, 4-6-3 (Groundball, 34D)
|
Batting: LHB Jim Knight
|
0-0: Ball 1-0: Swinging Strike 1-1: Swinging Strike 1-2: Ball 2-2: Ball 3-2: Foul Ball, location: 2F 3-2: Foul Ball, location: 2F 3-2: Base on Balls
|
Batting: RHB Ángel Serrano
|
0-0: Ball 1-0: DOUBLE (Groundball, 5L) Jim Knight to third
|
Batting: RHB Edgardo Castro
|
0-0: Ball 1-0: Swinging Strike 1-1: Foul Ball, location: 2F 1-2: Hit by Pitch
|
Batting: RHB Alfredo Ramírez
|
0-0: Ball 1-0: Ball 2-0: Hit by Pitch Jim Knight scores Ángel Serrano to third Edgardo Castro to second
|
Pinch Runner at 1st Cássio Cardenas:
|
|
Batting: RHB Guaspar Vasche
|
0-0: Ball 1-0: Swinging Strike 1-1: Called Strike 1-2: Strikes out swinging
|
Top of the 3rd over - 1 run(s), 1 hit(s), 0 error(s), 3 left on base; Erie 1 - Lee's Summit 0 |
BOTTOM OF THE 3RD |
Lee's Summit Tigers batting - Pitching for Erie Jaxx : LHP Rafael Romero
|
Now at SS: Cássio Cardenas
|
|
Batting: RHB Kyle Baylor
|
0-0: Foul Ball, location: 2F 0-1: Ball 1-1: Fly out, F4 (Popup, 4)
|
Batting: SHB Juan Glaviz
|
0-0: Ball 1-0: Ground out 1-3 (Groundball, 13)
|
Batting: LHB Daniel Rincón
|
0-0: Ball 1-0: Ground out 4-3 (Groundball, 4)
|
Bottom of the 3rd over - 0 run(s), 0 hit(s), 0 error(s), 0 left on base; Erie 1 - Lee's Summit 0 |
TOP OF THE 4TH |
Erie Jaxx batting - Pitching for Lee's Summit Tigers : RHP Jeff Mann
|
Batting: SHB Giel Molendijk
|
0-0: Called Strike 0-1: Ball 1-1: Ball 2-1: Foul Ball, location: 2F 2-2: Foul Ball, location: 2F 2-2: Strikes out swinging
|
Pitching: RHP Tony Edmonds
|
|
Batting: SHB José Durango
|
0-0: Ground out U3 (Groundball, 3L)
|
Batting: LHB Josh Pérez
|
0-0: Called Strike 0-1: Foul Ball, location: 2F 0-2: DOUBLE (Line Drive, 8RXD)
|
Batting: SHB Michael Field
|
0-0: Called Strike 0-1: Swinging Strike 0-2: Fly out, F8 (Flyball, 8RD)
|
Top of the 4th over - 0 run(s), 1 hit(s), 0 error(s), 1 left on base; Erie 1 - Lee's Summit 0 |
BOTTOM OF THE 4TH |
Lee's Summit Tigers batting - Pitching for Erie Jaxx : LHP Rafael Romero
|
Batting: RHB Oliver Todd
|
0-0: Called Strike 0-1: Foul Ball, location: 2F 0-2: Ball 1-2: SINGLE (Flyball, 89S)
|
Batting: RHB Rusty Bennett
|
0-0: Fly out, F9 (Flyball, 9LSF)
|
Batting: RHB Steven Wright
|
0-0: Ball 1-0: Swinging Strike 1-1: Called Strike 1-2: Foul Ball, location: 2F 1-2: SINGLE (Flyball, 89S) Oliver Todd to second
|
Batting: RHB Jorge Barbosa
|
0-0: Swinging Strike 0-1: Ball 1-1: Swinging Strike 1-2: Strikes out swinging
|
Batting: RHB Augusto Pérez
|
0-0: Ball 1-0: Foul Ball, location: 2F 1-1: Ball 2-1: Ball 3-1: Called Strike 3-2: Strikes out looking
|
Bottom of the 4th over - 0 run(s), 2 hit(s), 0 error(s), 2 left on base; Erie 1 - Lee's Summit 0 |
TOP OF THE 5TH |
Erie Jaxx batting - Pitching for Lee's Summit Tigers : RHP Tony Edmonds
|
Batting: LHB Jim Knight
|
0-0: Ball 1-0: Swinging Strike 1-1: Ball 2-1: Foul Ball, location: 2F 2-2: Ball 3-2: SINGLE (Groundball, 6MD)
|
Batting: RHB Ángel Serrano
|
0-0: Swinging Strike 0-1: Swinging Strike 0-2: Strikes out swinging
|
Batting: RHB Edgardo Castro
|
0-0: Called Strike 0-1: Ball 1-1: Ball 2-1: Fly out, F7 (Line Drive, 78D)
|
Batting: RHB Cássio Cardenas
|
0-0: Ball 1-0: Ball 2-0: Called Strike 2-1: SINGLE (Flyball, 9S) Jim Knight to second
|
Batting: RHB Guaspar Vasche
|
0-0: Ball 1-0: Foul Ball, location: 2F 1-1: Foul Ball, location: 2F 1-2: Strikes out swinging
|
Top of the 5th over - 0 run(s), 2 hit(s), 0 error(s), 2 left on base; Erie 1 - Lee's Summit 0 |
BOTTOM OF THE 5TH |
Lee's Summit Tigers batting - Pitching for Erie Jaxx : LHP Rafael Romero
|
Batting: LHB Dale Miller
|
0-0: Ball 1-0: Ball 2-0: Ball 3-0: Called Strike 3-1: Foul Ball, location: 2F 3-2: Foul Ball, location: 2F 3-2: Base on Balls
|
Batting: RHB Kyle Baylor
|
0-0: Ball Dale Miller is caught stealing 2nd base 1-0: Ball 2-0: Swinging Strike 2-1: Swinging Strike 2-2: Ground out 5-3 (Groundball, 5)
|
Batting: SHB Juan Glaviz
|
0-0: Ball 1-0: Ball 2-0: Swinging Strike 2-1: SINGLE (Line Drive, 56D)
|
Batting: LHB Daniel Rincón
|
0-0: Ball 1-0: Ball 2-0: Ball 3-0: Called Strike 3-1: Foul Ball, location: 2F 3-2: Base on Balls Juan Glaviz to second
|
Pitching: RHP Armando Rodríguez
|
|
Batting: RHB Oliver Todd
|
0-0: Ball 1-0: Foul Ball, location: 2F 1-1: Ball 2-1: Ball 3-1: Called Strike 3-2: SINGLE (Groundball, 56S) (infield hit) Juan Glaviz to third Daniel Rincón to second
|
Batting: RHB Rusty Bennett
|
0-0: Ball 1-0: Ball 2-0: Ball 3-0: Called Strike 3-1: Fielders Choice at 2nd, 4-6 (Groundball, 4)
|
Bottom of the 5th over - 0 run(s), 2 hit(s), 0 error(s), 2 left on base; Erie 1 - Lee's Summit 0 |
TOP OF THE 6TH |
Erie Jaxx batting - Pitching for Lee's Summit Tigers : RHP Tony Edmonds
|
Batting: SHB Giel Molendijk
|
0-0: Ball 1-0: SINGLE (Groundball, 4D)
|
Batting: SHB José Durango
|
0-0: Called Strike 0-1: Ball 1-1: Ball Giel Molendijk steals 2nd base 2-1: Ball 3-1: Foul Ball, location: 2F 3-2: Base on Balls
|
Batting: LHB Josh Pérez
|
0-0: Ball 1-0: Called Strike 1-1: Ball 2-1: Foul Ball, location: 2F 2-2: Strikes out looking
|
Batting: SHB Michael Field
|
0-0: SINGLE (Line Drive, 8RS) Giel Molendijk to third José Durango to second
|
Batting: LHB Jim Knight
|
0-0: Foul Ball, location: 2F 0-1: Ball 1-1: Ball 2-1: Called Strike 2-2: Foul Ball, location: 2F 2-2: Grounds into fielders choice 3-2 (Groundball, 3S) José Durango to third Michael Field to second
|
Batting: RHB Ángel Serrano
|
0-0: Called Strike 0-1: Ball 1-1: Ball 2-1: Foul Ball, location: 2F 2-2: Foul Ball, location: 2F 2-2: Strikes out swinging
|
Top of the 6th over - 0 run(s), 2 hit(s), 0 error(s), 3 left on base; Erie 1 - Lee's Summit 0 |
BOTTOM OF THE 6TH |
Lee's Summit Tigers batting - Pitching for Erie Jaxx : RHP Armando Rodríguez
|
Batting: RHB Steven Wright
|
0-0: Ball 1-0: Ball 2-0: Foul Ball, location: 2F 2-1: Ball 3-1: Base on Balls
|
Batting: RHB Jorge Barbosa
|
0-0: Ball 1-0: Called Strike 1-1: Called Strike 1-2: Ball 2-2: Ball Wild Pitch! Steven Wright to second 3-2: Fly out, F6 (Line Drive, 6M)
|
Batting: RHB Augusto Pérez
|
0-0: Fly out, F8 (Flyball, 8LM)
|
Batting: LHB Dale Miller
|
0-0: SINGLE (Groundball, 34D) Steven Wright to third Runner from 3rd tries for Home, SAFE, throw made home Dale Miller to second
|
Batting: RHB Kyle Baylor
|
0-0: Fly out, F7 (Flyball, 7)
|
Bottom of the 6th over - 1 run(s), 1 hit(s), 0 error(s), 1 left on base; Erie 1 - Lee's Summit 1 |
TOP OF THE 7TH |
Erie Jaxx batting - Pitching for Lee's Summit Tigers : RHP Tony Edmonds
|
Batting: RHB Edgardo Castro
|
0-0: Swinging Strike 0-1: Ball 1-1: Swinging Strike 1-2: Foul Ball, location: 2F 1-2: Strikes out looking
|
Batting: RHB Cássio Cardenas
|
0-0: Ball 1-0: Foul Ball, location: 2F 1-1: Foul Ball, location: 2F 1-2: SINGLE (Groundball, 6D)
|
Pinch Hitting: RHB William Wilson
|
0-0: Ball 1-0: Swinging Strike 1-1: Ball 2-1: Ball 3-1: Foul Ball, location: 2F 3-2: Base on Balls Cássio Cardenas to second
|
Batting: SHB Giel Molendijk
|
0-0: Foul Ball, location: 2F 0-1: Ball 1-1: Ball 2-1: Ball 3-1: Base on Balls Cássio Cardenas to third William Wilson to second
|
Batting: SHB José Durango
|
0-0: Foul Ball, location: 2F 0-1: Ball 1-1: Ball 2-1: Called Strike 2-2: Ball 3-2: Strikes out swinging
|
Batting: LHB Josh Pérez
|
0-0: Ball 1-0: Ball 2-0: Called Strike 2-1: Swinging Strike 2-2: Foul Ball, location: 2F 2-2: Ball 3-2: Fly out, F7 (Line Drive, 7LM)
|
Top of the 7th over - 0 run(s), 1 hit(s), 0 error(s), 3 left on base; Erie 1 - Lee's Summit 1 |
BOTTOM OF THE 7TH |
Lee's Summit Tigers batting - Pitching for Erie Jaxx : RHP Armando Rodríguez
|
Now at 2B: Cristián Cauozos
|
|
Batting: SHB Juan Glaviz
|
0-0: Ball 1-0: Ball 2-0: SINGLE (Line Drive, 4M)
|
Pitching: LHP Alfredo García
|
|
Batting: LHB Daniel Rincón
|
0-0: Called Strike 0-1: Called Strike 0-2: Strikes out swinging
|
Pitching: RHP Javier Bustamante
|
|
Batting: RHB Oliver Todd
|
Pickoff Throw to First - Error! E1 Juan Glaviz to second 0-0: Intentional Walk
|
Pinch Hitting: LHB Milo Powers
|
0-0: Called Strike 0-1: DOUBLE (Line Drive, 7LD) Juan Glaviz scores Oliver Todd to third
|
Pinch Hitting: LHB Dudley Cooper
|
0-0: Intentional Walk
|
Batting: RHB Jorge Barbosa
|
0-0: Called Strike 0-1: Ball 1-1: Swinging Strike 1-2: Strikes out swinging
|
Batting: RHB Augusto Pérez
|
0-0: Ball 1-0: Ball 2-0: Ball 3-0: Foul Ball, location: 2F 3-1: SINGLE (Groundball, 6MD) Oliver Todd scores Milo Powers to third Dudley Cooper to second Throwing error, E8 Milo Powers scores Dudley Cooper to third Augusto Pérez to second
|
Pitching: LHP Luis Torres
|
|
Batting: LHB Dale Miller
|
0-0: Ball 1-0: Called Strike 1-1: Fly out, F6 (Line Drive, 6M)
|
Bottom of the 7th over - 3 run(s), 3 hit(s), 2 error(s), 2 left on base; Erie 1 - Lee's Summit 4 |
TOP OF THE 8TH |
Erie Jaxx batting - Pitching for Lee's Summit Tigers : RHP Tony Edmonds
|
Pitching: RHP Carlos Gabriel
|
|
Now at SS: Gilberto Ferrer
|
|
Now in LF: Milo Powers
|
|
Batting: SHB Michael Field
|
0-0: Ball 1-0: Foul Ball, location: 2F 1-1: Ball 2-1: Ball 3-1: Base on Balls
|
Pitching: RHP António Cruz
|
|
Batting: LHB Jim Knight
|
0-0: Swinging Strike 0-1: Swinging Strike 0-2: Strikes out swinging
|
Batting: RHB Ángel Serrano
|
0-0: Called Strike 0-1: Foul Ball, location: 2F 0-2: Ball 1-2: Strikes out swinging
|
Batting: RHB Edgardo Castro
|
0-0: Ball Passed Ball! Michael Field to second 1-0: Ball 2-0: Ball 3-0: Called Strike 3-1: Base on Balls
|
Batting: RHB Cássio Cardenas
|
0-0: Ball 1-0: Foul Ball, location: 2F 1-1: Fielders Choice at 2nd, 5-4 (Groundball, 56)
|
Top of the 8th over - 0 run(s), 0 hit(s), 0 error(s), 1 left on base; Erie 1 - Lee's Summit 4 |
BOTTOM OF THE 8TH |
Lee's Summit Tigers batting - Pitching for Erie Jaxx : LHP Luis Torres
|
Batting: RHB Kyle Baylor
|
0-0: Ball 1-0: Ball 2-0: Ball 3-0: Base on Balls
|
Batting: SHB Juan Glaviz
|
0-0: Sac Bunt - play at first, batter OUT! 4-3 Kyle Baylor to second
|
Batting: LHB Daniel Rincón
|
0-0: Ball 1-0: Ground out 3-1 (Groundball, 23) Kyle Baylor to third
|
Batting: RHB Oliver Todd
|
0-0: Ball 1-0: Ball 2-0: Foul Ball, location: 2F 2-1: Called Strike 2-2: Strikes out looking
|
Bottom of the 8th over - 0 run(s), 0 hit(s), 0 error(s), 1 left on base; Erie 1 - Lee's Summit 4 |
TOP OF THE 9TH |
Erie Jaxx batting - Pitching for Lee's Summit Tigers : RHP António Cruz
|
Pitching: RHP Héctor Bernard
|
|
Batting: RHB Cristián Cauozos
|
0-0: Ball 1-0: Swinging Strike 1-1: Ball 2-1: Fly out, F2 (Popup, 2R)
|
Batting: SHB Giel Molendijk
|
0-0: Ground out 6-3 (Groundball, 6M)
|
Batting: SHB José Durango
|
0-0: Ball 1-0: Called Strike 1-1: Ball 2-1: Foul Ball, location: 2F 2-2: Ball 3-2: Ground out 4-3 (Groundball, 4)
|
Top of the 9th over - 0 run(s), 0 hit(s), 0 error(s), 0 left on base; Erie 1 - Lee's Summit 4 |
|